 Dungeon Crawl Stone Soup version 0.30-a0-457-g4b7bca3bfa (webtiles) character file.

Game seed: 16859530856463295584

1271 Antroll the Chopper (level 8, 0/71 HPs)
             Began as a Minotaur Fighter on Dec 12, 2022.
             Slain by Maggie
             ... wielding a +0 broad axe of distortion
              (11 damage)
             ... on level 6 of the Dungeon.
             The game lasted 00:06:59 (3954 turns).

Antroll the Chopper (Minotaur Fighter)              Turns: 3954, Time: 00:07:01

Health: 0/71       AC:  9    Str: 20 (23) XL:     8   Next: 28%
Magic:  0/7        EV:  7    Int:  5      God:
Gold:   445        SH: 13    Dex:  9 (10) Spells: 7/7 levels left

rFire   + . .      SeeInvis +    a - +0 war axe
rCold   . . .      Faith    .    r - +0 tower shield
rNeg    . . .      Spirit   +    k - +2 ring mail {rF+}
rPois   .          Reflect  .    (helmet restricted)
rElec   .          Harm     .    (no cloak)
rCorr   .          Rampage  .    (no gloves)
Will    .....                    g - +0 pair of boots
Stlth   ..........               i - amulet of guardian spirit
HPRegen 0.31/turn                p - ring of see invisible
MPRegen 0.10/turn                (no ring)

@: mighty, mesmerised
A: horns 2, retaliatory headbutt
a: no special abilities


You were on level 6 of the Dungeon.
You visited 1 branch of the dungeon, and saw 6 of its levels.

You collected 445 gold pieces.

Inventory:

Hand Weapons
 a - a +0 war axe (weapon)
 o - a +5 mace
Missiles
 n - 2 throwing nets (quivered)
Armour
 g - a +0 pair of boots (worn)
 k - a +2 ring mail of fire resistance (worn)
 r - a +0 tower shield (worn)
Jewellery
 i - an amulet of guardian spirit (around neck)
 p - a ring of see invisible (left hand)
Wands
 m - a wand of light (12)
Scrolls
 b - a scroll of magic mapping {unknown}
 c - a scroll of vulnerability {unknown}
 e - 7 scrolls of identify
 h - a scroll of immolation
Potions
 d - a potion of haste
 f - a potion of attraction
 j - a potion of heal wounds
 l - 2 potions of lignification
 q - a potion of flight


   Skills:
 + Level 6.4 Fighting
 * Level 7.9 Axes
 + Level 6.4 Armour
 + Level 6.5 Shields


You had 7 spell levels left.
You didn't know any spells.
Your spell library contained the following spells:

 Spells                   Type           Power      Damage    Failure   Level
 Beastly Appendage        Tmut           0%         N/A       100%        1
 Wereblood                Tmut           0%         N/A       100%        2
 Frozen Ramparts          Ice            0%         1d1       100%        3
 Spider Form              Tmut/Pois      0%         N/A       100%        3
 Tukima's Dance           Hex            0%         N/A       100%        3
 Ice Form                 Ice/Tmut       0%         N/A       100%        4
 Passage of Golubria      Tloc           0%         N/A       100%        4
 Summon Ice Beast         Ice/Summ       0%         N/A       100%        4
 Yara's Violent Unravell  Hex/Tmut       0%         3d3       100%        5


Dungeon Overview and Level Annotations

Branches:
Dungeon (6/15)             Temple (0/1) D:5

Altars:
Zin

Annotations:
D:6 Maggie


Innate Abilities, Weirdness & Mutations

You have a pair of horns on your head.
You reflexively headbutt those who attack you in melee.


Message History

Maggie hits you with a +0 broad axe of distortion!
You blink.
Unknown command.
You break out of your daze.
You catch the helpless Maggie completely off-guard!
You hit Maggie but do no damage. You headbutt Maggie!
Maggie is heavily wounded.
Maggie hits you with a +0 broad axe of distortion!
Space warps horribly around you!
You hit Maggie but do no damage.
Maggie is heavily wounded.
Maggie mumbles some strange words.
You block Maggie's attack.
You barely miss Maggie.
Maggie is heavily wounded.
Maggie hits you but does no damage. Space warps horribly around you.
You barely miss Maggie.
Maggie is heavily wounded.
You block Maggie's attack. x2
You hit Maggie. Your headbutt misses Maggie.
Maggie is heavily wounded.
Maggie barely misses you.
You barely miss Maggie. You headbutt Maggie.
Maggie is heavily wounded.
Maggie hits you with a +0 broad axe of distortion!
Space warps horribly around you!
* * * LOW HITPOINT WARNING * * *
You block Maggie's attack.
You feel very mighty all of a sudden.
Maggie drinks a potion.
Maggie is healed!
You hit Maggie. You headbutt Maggie, but do no damage.
Maggie is moderately wounded.
Maggie is no longer blind.
Maggie barely misses you.
You barely miss Maggie. You headbutt Maggie!
Maggie is heavily wounded.
Maggie gestures wildly while chanting.
Maggie attempts to bespell you!
You are mesmerised by Maggie!
Maggie hits you with a +0 broad axe of distortion!
You die...

. ##.###.. ... #....##
........ ####... ......
######..## # .....
#.......## #.#.#..
.......>...
###.#.#.#########........#.
........#................#.
#.......@@.............#.
####.)†...#######.......##
#...............#.......##
...##.####....##...>.....##
## ... ####.####.......##
#..# #............## ....
##########....... ...
.....###.......## ..
.................


You could see Maggie (mesmerising).

Vanquished Creatures
  2 black bears
  A sky beast (D:6)
  3 ogres (D:4)
  The ghost of heinrich the Poker, an amateur DsGl of Gozag (D:4)
  A scorpion (D:5)
  A necrophage (D:6)
  A hound (D:5)
  2 jellies (D:5)
  4 iguanas
  6 orc wizards
  5 gnolls
  7 adders
  A shadow imp (D:5)
  A worm (D:4)
  A dart slug (D:3)
  13 orcs
  12 ball pythons
  4 endoplasms
  2 giant cockroaches
  6 goblins
  4 hobgoblins
  7 jackals
  6 bats
  A frilled lizard (D:1)
  2 kobolds
  2 rats
96 creatures vanquished.

Notes
Turn   | Place    | Note
-------+----------+-------------------------------------------
     0 | D:1      | Antroll the Minotaur Fighter began the quest for the Orb.
     0 | D:1      | Reached XP level 1. HP: 19/19 MP: 0/0
    53 | D:1      | Reached XP level 2. HP: 26/27 MP: 1/1
   111 | D:1      | Reached skill level 3 in Axes
   638 | D:2      | Reached XP level 3. HP: 33/33 MP: 2/2
  1310 | D:3      | Found a glowing silver altar of Zin.
  1463 | D:3      | Reached XP level 4. HP: 29/40 MP: 3/3
  1843 | D:3      | Reached skill level 4 in Axes
  1955 | D:4      | Noticed a black bear
  1967 | D:4      | Killed a black bear
  1968 | D:4      | Reached XP level 5. HP: 9/47 MP: 4/4
  2194 | D:4      | Reached skill level 5 in Axes
  2331 | D:4      | Identified the +4 great mace of Dissolution {drain, rPois
                  | rC+}
  2331 | D:4      | Noticed an ogre
  2331 | D:4      | Noticed heinrich's ghost (amateur DsGl)
  2331 | D:4      | Noticed an ogre
  2338 | D:4      | Found a transporter.
  2342 | D:4      | Noticed an ogre
  2352 | D:4      | Found a transporter.
  2540 | D:4      | Reached XP level 6. HP: 51/55 MP: 5/5
  2618 | D:4      | Killed heinrich's ghost
  2619 | D:4      | Reached skill level 5 in Fighting
  2619 | D:4      | Reached skill level 5 in Armour
  2619 | D:4      | Reached skill level 5 in Shields
  2621 | D:4      | Reached skill level 6 in Axes
  2621 | D:4      | Reached XP level 7. HP: 52/61 MP: 6/6
  2655 | D:5      | Entered Level 5 of the Dungeon
  2774 | D:5      | Reached skill level 7 in Axes
  3054 | D:5      | Reached XP level 8. HP: 8/70 MP: 0/7
  3591 | D:5      | Found a staircase to the Ecumenical Temple.
  3929 | D:6      | Noticed Maggie
  3954 | D:6      | Slain by Maggie

Illustrated notes

Levels and vault maps discovered:
D:1:      spicycebolla_green_bress_n_ham, layout_basic
D:2:      layout_rooms
D:3:      layout_basic, mainiacjoe_overflow_boulevard
D:4:      layout_basic, gammafunk_ghost_smash
D:5:      layout_basic, minmay_temple_entry_drinking_statues,
          minmay_diced_spiral
D:6:      layout_rooms, uniq_maggie

Skill      XL: |  1  2  3  4  5  6  7 |
---------------+----------------------+-----
Axes           | 3 4 5 6 7 |  7.9
Armour         | 4 5 6 |  6.4
Fighting       | 4 5 6 |  6.4
Shields        | 4 5 6 |  6.5

Action                   |  1- 3 |  4- 6 |  7- 9 || total
-------------------------+-------+-------+-------++-------
Melee: War axe           |    85 |    59 |   116 ||   260
       Headbutt          |    17 |     7 |    17 ||    41
Evoke: Wand              |       |       |     1 ||     1
  Use: Potion            |       |     1 |     7 ||     8
       Scroll            |       |       |     5 ||     5
 Stab: Invisible         |       |       |     1 ||     1
Armor: Scale mail        |    48 |    51 |    28 ||   127
       Skin              |       |       |    29 ||    29
       Ring mail         |       |       |    11 ||    11
Dodge: Dodged            |    35 |    33 |    28 ||    96
Block: Buckler           |    27 |    15 |    17 ||    59
       Tower shield      |       |       |    17 ||    17

Table legend: (Time is in decaauts)
 A = Elapsed time spent in this place.
 B = Non-inter-level travel time spent in this place.
 C = Inter-level travel time spent in this place.
 D = Time resting spent in this place.
 E = Time spent auto-exploring this place.
 F = Levels seen in this place.
 G = Mean time per level.
                   A        B        C        D        E       F      G
               +--------+--------+--------+--------+--------+-----+--------+
         Total |   4030 |   3956 |     74 |    168 |   3030 |   6 |  671.7 |
       Dungeon |   4030 |   3956 |     74 |    168 |   3030 |   6 |  671.7 |
               +--------+--------+--------+--------+--------+-----+--------+

Top non-repeatable levels by time:
     D:5: 1084 daAuts
     D:3: 847 daAuts
     D:4: 782 daAuts
     D:1: 579 daAuts
     D:2: 496 daAuts
     D:6: 241 daAuts
